 Dungeon Crawl Stone Soup version 0.30-a0-166-g5d06c95188 (webtiles) character file.

Game seed: 11888284403059103425

785 qw the Chopper (level 7, 0/43 HPs)
             Began as a Gargoyle Fighter on Sept 29, 2022.
             Slain by a gnoll bouda
             ... wielding a +0 whip
              (6 damage)
             ... on level 5 of the Dungeon.
             The game lasted 00:01:32 (4019 turns).

qw the Chopper (Gargoyle Fighter)                   Turns: 4019, Time: 00:01:32

Health: 0/43       AC: 20    Str: 22    XL:     7   Next: 86%
Magic:  0/7        EV:  1    Int:  8    God:
Gold:   206        SH: 27    Dex:  9    Spells: 6/6 levels left

rFire   . . .      SeeInvis .    Y - +1 war axe
rCold   . . .      Faith    .    a - +18 shield of the Gong {rElec rN+ Will+ EV-5}
rNeg    + + .      Spirit   +    e - +0 chain mail
rPois   inf        Reflect  .    (no helmet)
rElec   +          Harm     .    h - +2 cloak
rCorr   .          Rampage  .    (no gloves)
Will    +....                    p - +2 pair of boots
Stlth   ..........               j - amulet of guardian spirit
HPRegen 0.14/turn                (no ring)
MPRegen 0.10/turn                (no ring)

@: weakened
A: sickness immunity, AC +4, negative energy resistance 1, electricity
resistance, torment resistance 1, petrification resistance
a: no special abilities


You were on level 5 of the Dungeon.
You visited 1 branch of the dungeon, and saw 5 of its levels.

You collected 206 gold pieces.


Innate Abilities, Weirdness & Mutations

You are immune to sickness and miasma.
Your stone body is resilient. (AC +4)
You are immune to poison.
You resist negative energy. (rN+)
You are resistant to electric shocks. (rElec)
You are resistant to unholy torment.
You are immune to petrification.


   Skills:
 - Level 4.2 Fighting
 + Level 6.0 Axes
 - Level 3.2 Armour
 - Level 1.5 Dodging
 - Level 6.0 Shields


You had 6 spell levels left.
You didn't know any spells.
Your spell library was empty.

Inventory:

Hand Weapons
 q - a +2 vorpal flail
 Y - a +1 war axe (weapon)
Missiles
 g - 2 boomerangs (quivered)
Armour
 a - the +18 shield of the Gong (worn) {rElec rN+ Will+ EV-5}
   (You acquired it on level 1 of the Dungeon)

   It is deafeningly noisy when blocking attacks.
   EV:        It affects your evasion (-5).
   rElec:     It insulates you from electricity.
   rN:        It protects you from negative energy.
   Will:      It increases your willpower.
 e - a +0 chain mail (worn)
 h - a +2 cloak (worn)
 p - a +2 pair of boots (worn)
Jewellery
 j - an amulet of guardian spirit (around neck)
 m - a ring of protection from cold
Scrolls
 c - a scroll of identify
 l - a scroll of brand weapon {unknown}
Potions
 b - 2 potions of mutation
 d - 4 potions of might
 f - a potion of cancellation
 i - a potion of curing
 k - a potion of heal wounds {unknown}
 n - a potion of lignification {unknown}
 o - a potion of invisibility {unknown}

Dungeon Overview and Level Annotations

Branches:
Dungeon (5/15)
 Temple: D:4-7

Altars:
Makhleb
Nemelex Xobeh

Shops:
D:1 (   D:2 :

Annotations:
D:2 1 runed translucent door, Crazy Yiuf
D:5 Blork the orc


Message History

The gnoll bouda is healed somewhat.
The gnoll bouda hits you but does no damage.
You completely miss the gnoll bouda.
The gnoll bouda is moderately wounded.
You hit the gnoll bouda. You block the gnoll's attack.
GONNNNG!
You block the gnoll's attack.
GONNNNG!
You block the gnoll bouda's attack.
GONNNNG!
The gnoll bouda hits you but does no damage.
The gnoll hits you from afar with a +0 spear.
The gnoll hits you from afar with a +0 halberd!
You hit the gnoll bouda but do no damage.
The gnoll bouda is moderately wounded.
You barely miss the gnoll bouda.
The gnoll bouda barks out a call to the hunt!
The gnoll bouda picks up the pace!
You block the gnoll bouda's attack.
GONNNNG!
You block the gnoll's attack.
BOUMMMMG!
You block the gnoll's attack.
BOUMMMMG!
You block the gnoll bouda's attack.
SHROANNG!
You hit the gnoll bouda but do no damage.
The gnoll bouda is moderately wounded.
You hit the gnoll bouda but do no damage.
The gnoll is no longer moving quickly.
You block the gnoll bouda's attack.
GONNNNG!
You block the gnoll's attack.
PANG!
You block the gnoll's attack.
BOUMMMMG!
You block the gnoll bouda's attack.
PTOANNNG!
The gnoll bouda hits you with a +0 whip!
You die...

###.#.......#. ....
#......._..... ....
#.#.#.......# .....
#.#.#.......# .....
#...# ..... ......
#.#.####.####......
######.#.......)g%g.....
................@.g.....
.#####.######...g%......
.#...#.# #.##.......#
.#.#.#.# #.##........
.#.#.#.# #.##........
.#.#.#.# #.........#.
.#.#.#.# #.........#
.#.#.#.# #.....#..##
...#.#.#


You could see 2 gnoll boudas and 2 gnolls.

Vanquished Creatures
  2 ogres
  A black bear (D:5)
  A necrophage (D:5)
  3 hounds
  3 iguanas
  Ijyb (D:5)
  11 gnolls
  7 adders
  A river rat (D:5)
  3 worms (D:5)
  A dart slug (D:5)
  7 orcs
  6 endoplasms
  2 giant cockroaches
  5 goblins
  10 hobgoblins
  15 jackals
  3 kobolds
  4 quokkas
  4 ball pythons
  5 bats
  5 frilled lizards
  6 rats
106 creatures vanquished.

Vanquished Creatures (others)
  A fungus (D:3)
1 creature vanquished.

Grand Total: 107 creatures vanquished

Notes
Turn   | Place    | Note
-------+----------+-------------------------------------------
     0 | D:1      | qw the Gargoyle Fighter began the quest for the Orb.
     0 | D:1      | Reached XP level 1. HP: 14/14 MP: 1/1
     0 | D:1      | 0 ||| qw: Version: 0.2-a-12-gaebbb33
     0 | D:1      | 0 ||| qw: Game counter: 1044
     0 | D:1      | 0 ||| qw: Always use a shield: true
     0 | D:1      | 0 ||| qw: God list: Okawaru
     0 | D:1      | 0 ||| qw: Allow faded altars: false
     0 | D:1      | 0 ||| qw: Do Orc after D:15 true
     0 | D:1      | 0 ||| qw: Do second Lair branch before Depths: true
     0 | D:1      | 0 ||| qw: Lair rune preference: random
     0 | D:1      | 0 ||| qw: Plans: Normal, Zot:1-4, God:TSO, Crypt, Tomb,
                  | Pan, Slime:5, Hells, Abyss, Orb
     0 | D:1      | 0 ||| PLANNING D:1-11
    11 | D:1      | Found Kofeuxkye's Antique Weapon Shop.
    15 | D:1      | 15 ||| Stepping ~*~*~tactically~*~*~ (stealth).
   241 | D:1      | 241 ||| SHOPLISTING club (29 gold, have 0).
   241 | D:1      | 241 ||| SHOPLISTING mace (87 gold, have 0).
   241 | D:1      | 241 ||| SHOPLISTING whip (72 gold, have 0).
   267 | D:1      | Reached XP level 2. HP: 19/19 MP: 2/2
   475 | D:1      | 475 ||| Stepping ~*~*~tactically~*~*~ (stealth).
   766 | D:1      | Reached skill level 3 in Axes
   784 | D:1      | Reached XP level 3. HP: 18/23 MP: 3/3
  1485 | D:1      | 1485 ||| READING scroll labelled ZUEPLINL YGIPT.
  1488 | D:1      | 1488 ||| READING scroll labelled AFFUAPTIPP.
  1489 | D:1      | 1489 ||| READING scroll labelled XEF CAXUOQ.
  1489 | D:1      | Identified a scroll of acquirement
  1489 | D:1      | 1489 ||| ACQUIRING +18 shield of the Gong {rElec rN+ Will+
                  | EV-5}
  1489 | D:1      | Acquired the +18 shield of the Gong {rElec rN+ Will+ EV-5}
  1489 | D:1      | Found the +18 shield of the Gong {rElec rN+ Will+ EV-5}
  1491 | D:1      | 1491 ||| UPGRADING to +18 shield of the Gong {rElec rN+
                  | Will+ EV-5}.
  1501 | D:1      | 1501 ||| DROPPING +0 buckler.
  1502 | D:1      | 1502 ||| READING scroll labelled XUB KATAAMYLY.
  1503 | D:1      | 1503 ||| READING scroll labelled VUPEOL WAMY.
  1545 | D:2      | 1545 ||| Stepping ~*~*~tactically~*~*~ (stealth).
  1546 | D:2      | 1546 ||| Stepping ~*~*~tactically~*~*~ (stealth).
  1556 | D:2      | Found Mifri's Vocational Training.
  1564 | D:2      | 1564 ||| Stepping ~*~*~tactically~*~*~ (stealth).
  1565 | D:2      | 1565 ||| Stepping ~*~*~tactically~*~*~ (stealth).
  1614 | D:2      | Found a burning altar of Makhleb.
  1895 | D:2      | Found a runed translucent door.
  1896 | D:2      | Noticed Crazy Yiuf
  1900 | D:2      | 1900 ||| DROPPING +0 club.
  1901 | D:2      | 1901 ||| UPGRADING to +0 chain mail.
  1911 | D:2      | 1911 ||| DROPPING +0 scale mail.
  1912 | D:2      | 1912 ||| UPGRADING to +2 cloak.
  1917 | D:2      | 1917 ||| UPGRADING to amulet of guardian spirit.
  1922 | D:2      | 1922 ||| READING scroll labelled WOCLOG ZIONOI.
  1923 | D:2      | 1923 ||| READING 3 scrolls of identify.
  1923 | D:2      | 1923 ||| IDENTIFYING emerald potion
  1950 | D:3      | 1950 ||| Stepping ~*~*~tactically~*~*~ (stealth).
  1957 | D:3      | Reached XP level 4. HP: 28/28 MP: 4/4
  2093 | D:3      | 2093 ||| Stepping ~*~*~tactically~*~*~ (stealth).
  2094 | D:3      | 2094 ||| Stepping ~*~*~tactically~*~*~ (stealth).
  2095 | D:3      | 2095 ||| Stepping ~*~*~tactically~*~*~ (stealth).
  2096 | D:3      | 2096 ||| Stepping ~*~*~tactically~*~*~ (stealth).
  2097 | D:3      | 2097 ||| Stepping ~*~*~tactically~*~*~ (stealth).
  2098 | D:3      | 2098 ||| Stepping ~*~*~tactically~*~*~ (stealth).
  2132 | D:3      | 2132 ||| Stepping ~*~*~tactically~*~*~ (stealth).
  2133 | D:3      | 2133 ||| Stepping ~*~*~tactically~*~*~ (stealth).
  2238 | D:3      | Found a faded altar of an unknown god.
  2366 | D:3      | 2366 ||| DROPPING +0 hammer.
  2376 | D:3      | 2376 ||| UPGRADING to +2 pair of boots.
  2381 | D:3      | 2381 ||| READING 3 scrolls labelled HUAVIK TE QEN.
  2382 | D:3      | 2382 ||| DRINKING 2 grey potions.
  2383 | D:3      | 2383 ||| READING 3 scrolls of identify.
  2383 | D:3      | 2383 ||| IDENTIFYING lumpy pink potion
  2384 | D:3      | 2384 ||| READING 2 scrolls of identify.
  2384 | D:3      | 2384 ||| IDENTIFYING pink potion
  2385 | D:3      | 2385 ||| DROPPING potion of magic.
  2386 | D:3      | 2386 ||| DROPPING 2 scrolls of blinking.
  2404 | D:3      | 2404 ||| Stepping ~*~*~tactically~*~*~ (stealth).
  2462 | D:4      | Reached XP level 5. HP: 30/32 MP: 5/5
  2701 | D:4      | Noticed an ogre
  2707 | D:4      | Killed an ogre
  2708 | D:4      | Reached XP level 6. HP: 25/37 MP: 4/6
  3176 | D:4      | 3176 ||| Stepping ~*~*~tactically~*~*~ (stealth).
  3339 | D:4      | 3339 ||| READING 2 scrolls of identify.
  3339 | D:4      | 3339 ||| IDENTIFYING black potion
  3340 | D:4      | 3340 ||| DROPPING potion of brilliance.
  3397 | D:5      | Entered Level 5 of the Dungeon
  3398 | D:5      | 3398 ||| PLANNING SEWER
  3413 | D:5      | 3413 ||| Stepping ~*~*~tactically~*~*~ (stealth).
  3422 | D:5      | Noticed Ijyb
  3429 | D:5      | Reached XP level 7. HP: 33/43 MP: 5/7
  3432 | D:5      | HP: 10/43 [Ijyb/+8 club (2)]
  3433 | D:5      | 3433 ||| READING 2 scrolls of teleportation.
  3434 | D:5      | Noticed Blork the orc
  3436 | D:5      | Killed Ijyb
  3438 | D:5      | 3438 ||| READING scroll of teleportation.
  3761 | D:5      | Reached skill level 6 in Axes
  3764 | D:5      | 3764 ||| Stepping ~*~*~tactically~*~*~ (stealth).
  3789 | D:5      | 3789 ||| FLEEEEING.
  3790 | D:5      | 3790 ||| STAIRDANCE
  3875 | D:5      | 3875 ||| DROPPING +0 flail.
  3878 | D:5      | 3878 ||| DROPPING +1 flail of holy wrath.
  3989 | D:5      | Found a sparkling altar of Nemelex Xobeh.
  3998 | D:5      | Reached skill level 6 in Shields
  3998 | D:5      | 3998 ||| RIP SEWER
  3999 | D:5      | 3999 ||| PLANNING D:1-11
  4011 | D:5      | Reached skill level 1 in Dodging
  4017 | D:5      | HP: 6/43 [gnoll/+0 halberd[a gnoll bouda] (6)]
  4019 | D:5      | Slain by a gnoll bouda

Levels and vault maps discovered:
D:1:      tarquinn_simple_flora_water_e, layout_loops_corners, serial_shops,
          nicolae_shop_crystal
D:2:      layout_rooms, basic_altar, nicolae_shop_vocational,
          uniq_crazy_yiuf_cottage
D:3:      layout_rooms, shapermc_ecumenical_altar_acropolis, st_stairs_1
D:4:      layout_gridville, hangedman_decor_push
D:5:      layout_basic, grunt_dithmenos_shadows, old_standard_altar,
          lightli_sewer_entry_pipes, nicolae_figureground_pulse,
          uniq_blork_the_orc, uniq_ijyb

Skill      XL: |  1  2  3  4  5  6  7 |
---------------+----------------------+-----
Axes           | 2 3 4 5 6 |  6.0
Shields        | 4 5 6 |  6.0
Fighting       | 4 |  4.2
Dodging        | 1 |  1.5
Armour         | |  3.2

Action                   |  1- 3 |  4- 6 |  7- 9 || total
-------------------------+-------+-------+-------++-------
Melee: War axe           |   141 |   104 |    80 ||   325
Throw: Boomerang         |     2 |    41 |     7 ||    50
  Use: Scroll            |     7 |     4 |     2 ||    13
       Potion            |       |     1 |       ||     1
Armor: Scale mail        |    80 |       |       ||    80
       Chain mail        |     1 |    39 |    54 ||    94
Dodge: Dodged            |    67 |     2 |     8 ||    77
Block: Buckler           |    24 |       |       ||    24
       Kite shield       |    24 |   158 |   152 ||   334

Table legend:
 A = Non-vault XP
 B = Vault XP
 C = Vault XP percentage of total XP
 D = Non-vault monster count
 E = Vault monster count
 F = Vault count percentage of total count
                 A         B        C        D         E       F
            +---------+---------+-------+---------+---------+-------
      Total |    1002 |     120 |  10.7 |      90 |      16 |  15.1
            +---------+---------+-------+---------+---------+-------
        D:1 |      53 |       0 |   0.0 |      29 |       0 |   0.0
        D:2 |      27 |       0 |   0.0 |       9 |       0 |   0.0
        D:3 |      75 |       4 |   5.1 |      24 |       3 |  11.1
        D:4 |     264 |       0 |   0.0 |      11 |       0 |   0.0
        D:5 |     583 |     116 |  16.6 |      17 |      13 |  43.3
            +---------+---------+-------+---------+---------+-------
